 Dungeon Crawl Stone Soup version 0.29.0-15-g675c0067aa (webtiles) character file.

Game seed: 8887191809165551816

9 qw the Sneak (level 2, -3/19 HPs)
             Began as a Gargoyle Delver on Sept 11, 2022.
             Slain by a gnoll
             ... wielding a +2 flail of venom
              (4 damage)
             ... on level 4 of the Dungeon.
             The game lasted 00:00:08 (243 turns).

qw the Sneak (Gargoyle Delver)                       Turns: 243, Time: 00:00:08

Health: -3/19      AC:  8    Str: 15    XL:     2   Next: 16%
Magic:  2/2        EV: 11    Int: 10    God:
Gold:   41         SH:  0    Dex: 11    Spells: 1/1 levels left

rFire   . . .      SeeInvis .   Y - +0 hand axe
rCold   . . .      Faith    .   (no shield)
rNeg    + . .      Spirit   .   b - +0 leather armour
rPois   inf        Reflect  .   h - +2 helmet
rElec   +          Harm     .   (no cloak)
rCorr   .          Rampage  .   (no gloves)
Will    .....                   (no boots)
Stlth   +++.......              (no amulet)
HPRegen 0.06/turn               (no ring)
MPRegen 0.08/turn               (no ring)

@: no status effects
A: sickness immunity, AC +2, negative energy resistance 1, electricity
resistance, torment resistance 1, petrification resistance
a: no special abilities


You were on level 4 of the Dungeon.
You visited 1 branch of the dungeon, and saw 3 of its levels.

You collected 41 gold pieces.


Innate Abilities, Weirdness & Mutations

You are immune to sickness and miasma.
Your stone body is resilient. (AC +2)
You are immune to poison.
You resist negative energy. (rN+)
You are resistant to electric shocks. (rElec)
You are resistant to unholy torment.
You are immune to petrification.


   Skills:
 - Level 3.2 Fighting
 + Level 2.5 Axes
 - Level 1.5 Dodging
 - Level 5.4 Stealth


You had one spell level left.
You didn't know any spells.
Your spell library was empty.

Inventory:

Hand Weapons
 e - a +0 whip
 Y - a +0 hand axe (weapon)
Armour
 b - a +0 leather armour (worn)
 h - a +2 helmet (worn)
Wands
 g - a wand of digging (3)
Potions
 c - a potion of resistance {unknown}
 f - a potion of haste

Dungeon Overview and Level Annotations

Branches:
Dungeon (5/15)
 Temple: D:4-7

Altars:


Message History

You hear the slow rusting of a distant drain.
The gnoll shouts!
The orc shouts!
You hear a bark!
You hear a shout!
The quokka bites you but does no damage.
You climb upwards.
There is a stone staircase leading down here.
Existing waypoints: (1) D:4 (2) D:5 Assign waypoint to what number? (0-9, D - delete waypoint) Waypoint 2 re-assigned from D:5 to D:3.
You hit the quokka.
The quokka is severely wounded.
The quokka bites you.
You hit the quokka.
You kill the quokka!
You start resting.
HP restored.
239 ||| READING scroll labelled RESENG ROPPO.
Blink to where?
Press: ? - help, Dir - move target, f - you Are you sure you want to cancel this blink?
As you read the scroll labelled RESENG ROPPO, it crumbles to dust.
It was a scroll of blinking.
(D) Dungeon
Where to? (* - list waypoints, Enter - D:4, ? - help)
What level of the Dungeon? (default 1, ? - help)
You climb downwards.
You hear the sound of rushing water.
There is an entrance to a sewer on this level.
Hurry and find it before the portal rusts away!
The gnoll hits you with a +2 flail of venom!
The gnoll hits you with a +2 flail of venom.
A gnoll comes into view. It is wielding a +0 flail.
There is a stone staircase leading up here.
You closely miss the gnoll.
The gnoll hits you with a +2 flail of venom.
The orc drinks a potion.
The orc flickers and vanishes!
Deactivating autopickup; reactivate with Ctrl-A.
You hit the gnoll.
The gnoll is moderately wounded.
The gnoll hits you with a +2 flail of venom.
You die...

...... ......
...{.. .# ##....
....# #....
#....# ##.h#
#....## #.)#
#.....## ##g@#
#.....###..##
#.....##...#####
#...............
##.....#####....
##..### ####
##.## # ##.## #
###.##


You could see a hound and a gnoll.

Vanquished Creatures
  2 orcs (D:4)
  A goblin (D:4)
  A hobgoblin (D:4)
  A kobold (D:4)
  A quokka (D:3)
6 creatures vanquished.

Notes
Turn   | Place    | Note
-------+----------+-------------------------------------------
     0 | D:5      | qw the Gargoyle Delver began the quest for the Orb.
     0 | D:5      | Reached XP level 1. HP: 14/14 MP: 1/1
     0 | D:5      | 0 ||| qw: Version: 0.1-a-117-gfe26ee0
     0 | D:5      | 0 ||| qw: Game counter: 9890
     0 | D:5      | 0 ||| qw: Always use a shield: true
     0 | D:5      | 0 ||| qw: God list: Okawaru
     0 | D:5      | 0 ||| qw: Allow faded altars: false
     0 | D:5      | 0 ||| qw: Do Orc after D:15 true
     0 | D:5      | 0 ||| qw: Do second Lair branch before Depths: true
     0 | D:5      | 0 ||| qw: Lair rune preference: random
     0 | D:5      | 0 ||| qw: Plans: Normal
     0 | D:5      | 0 ||| PLANNING D:1-11
    17 | D:5      | 17 ||| UPGRADING to +2 helmet.
    22 | D:5      | 22 ||| DROPPING scroll of fog.
    23 | D:5      | 23 ||| DROPPING scroll of magic mapping.
    24 | D:5      | 24 ||| DROPPING scroll of fear.
    33 | D:4      | 33 ||| PLANNING SEWER
    96 | D:4      | 96 ||| DROPPING +0 club.
   228 | D:4      | Noticed a hound
   229 | D:4      | Reached XP level 2. HP: 19/19 MP: 2/2
   229 | D:4      | 229 ||| Stepping ~*~*~tactically~*~*~ (stealth).
   231 | D:4      | 231 ||| STAIRDANCE
   239 | D:3      | 239 ||| READING scroll labelled RESENG ROPPO.
   241 | D:4      | HP: 4/19 [gnoll/+2 flail of venom (6)]
   242 | D:4      | HP: 1/19 [gnoll/+2 flail of venom (3)]
   243 | D:4      | Slain by a gnoll

Levels and vault maps discovered:
D:3:      layout_rooms, dreamdust_ecumenical_altar_grove
D:4:      layout_cave_pods, gup_sewer_entry_bubbles
D:5:      layout_loops_ring, chequers_temple_overflow_minitemple,
          minmay_temple_entry_mini_moons, uniq_blork_the_orc

Skill      XL: |  1 |
---------------+----+-----
Axes           | 2 |  2.5
Fighting       | |  3.2
Dodging        | |  1.5
Stealth        | |  5.4

Action                   || total
-------------------------++-------
Melee: Hand axe          ||    22
  Use: Scroll            ||     1
Armor: Leather armour    ||     5
Dodge: Dodged            ||    12

Table legend:
 A = Non-vault XP
 B = Vault XP
 C = Vault XP percentage of total XP
 D = Non-vault monster count
 E = Vault monster count
 F = Vault count percentage of total count
                 A         B        C        D         E       F
            +---------+---------+-------+---------+---------+-------
      Total |      14 |       0 |   0.0 |       6 |       0 |   0.0
            +---------+---------+-------+---------+---------+-------
        D:3 |       2 |       0 |   0.0 |       1 |       0 |   0.0
        D:4 |      12 |       0 |   0.0 |       5 |       0 |   0.0
            +---------+---------+-------+---------+---------+-------
